 Dungeon Crawl Stone Soup version 0.18.1-6-gd335043 (webtiles) character file.

114 shmeve the Chopper (level 4, -7/43 HPs)
             Began as a Deep Dwarf Berserker on May 17, 2016.
             Was a Believer of Trog.
             Killed from afar by a white imp (9 damage)
             ... with a puff of frost
             ... summoned by tollymain's ghost
             ... on level 3 of the Dungeon.
             The game lasted 00:04:33 (1184 turns).

shmeve the Chopper (Deep Dwarf Berserker)           Turns: 1184, Time: 00:04:33

Health: -7/43      AC: 10    Str: 21    XL:     4   Next: 66%
Magic:  5/5        EV:  9    Int:  8    God:    Trog [**....]
Gold:   129        SH:  0    Dex: 12    Spells: 0 memorised, 3 levels left

rFire  . . .     SeeInvis .     a - +0 hand axe
rCold  . . .     Gourm    .     k - +0 chain mail
rNeg   . . .     Faith    .     (no shield)
rPois  .         Spirit   .     i - +0 helmet
rElec  .         Dismiss  .     (no cloak)
rCorr  .         Reflect  .     (no gloves)
SustAt .         Harm     .     (no boots)
MR     .....                    (no amulet)
Stlth  ..........               (no ring)
                                (no ring)

@: exhausted, non-regenerating, not resistant to hostile enchantments, extremely
unstealthy
A: damage resistance, recharge devices, sense surroundings 1, slow regeneration
3
a: Device Recharging, Berserk, Trog's Hand, Burn Spellbooks, Renounce Religion


You were on level 3 of the Dungeon.
You worshipped Trog.
Trog was pleased with you.
You were very hungry.

You visited 1 branch of the dungeon, and saw 3 of its levels.

You collected 129 gold pieces.

Inventory:

Hand Weapons
 a - a +0 hand axe (weapon)
Armour
 i - a +0 helmet (worn)
 k - a +0 chain mail (worn)
Wands
 c - a wand of heal wounds (3/9)
Scrolls
 b - a scroll of enchant weapon {unknown}
 e - a scroll of identify {unknown}
 h - a scroll of magic mapping {unknown}
 l - a scroll of fog {unknown}
Potions
 f - 2 potions of heal wounds {unknown}
 g - a potion of invisibility {unknown}
 j - a potion of degeneration {unknown}
 m - a potion of might {unknown}
 n - a potion of curing {unknown}
Comestibles
 d - 2 bread rations


   Skills:
 * Level 3.6 Fighting
 * Level 4.1 Axes
 + Level 2.8 Armour
 + Level 3.1 Dodging
 + Level 1.3 Evocations


You had 3 spell levels left.
You didn't know any spells.

Dungeon Overview and Level Annotations

Branches:
Dungeon (3/15)

Altars:

Annotations:
D:3 tollymain's ghost, amateur OpWz


Innate Abilities, Weirdness & Mutations

You are resistant to damage.
You can recharge devices by infusing magical energy.
You passively map a small area around you.
You do not regenerate naturally.


Message History

You slash the white imp!
The white imp is severely wounded.
The white imp gestures at you. The puff of frost misses you.
You hit the white imp.
You kill the white imp!
You barely miss the white imp. The white imp gestures at you.
The puff of frost hits you!
* * * LOW HITPOINT WARNING * * *
The white imp spits at you. The white imp gestures at you.
The puff of frost misses you.
You hit the white imp.
The white imp is heavily wounded.
You feel yourself speed up.
The shadow imp disappears in a puff of smoke!
The white imp gestures at you. The puff of frost hits you!
You die...

** * * .# * , * #.. .# #..*
.# * >#.. *.# , , , #..* .#
* ** #.. *.# #### #,#..##.#
* * ...# #.#..#@# ###* * ,
##.# #.#.W5###.. ,, , #.#
#......#.#* *
##.########....ยง#.#
..................# *#
...............)########...
###########....#>..........
###..........#.
###.#####....$.


You could see tollymain's ghost and a white imp.

Vanquished Creatures
  5 adders (D:2)
  An ooze (D:2)
  A worm (D:2)
  2 dart slugs
  3 giant geckos (D:1)
  4 orcs (D:3)
  4 giant cockroaches
  6 goblins
  6 hobgoblins
  A kobold (D:2)
  A ball python (D:3)
  7 bats
  3 giant newts
  8 rats
52 creatures vanquished.

Notes
Turn   | Place    | Note
--------------------------------------------------------------
     0 | D:1      | shmeve the Deep Dwarf Berserker began the quest for the Orb.
     0 | D:1      | Reached XP level 1. HP: 20/20 MP: 1/1
    93 | D:1      | Reached skill level 1 in Evocations
    93 | D:1      | Reached XP level 2. HP: 20/27 MP: 2/2
   424 | D:1      | Reached ** piety under Trog
   477 | D:1      | Reached XP level 3. HP: 29/34 MP: 3/3
   805 | D:2      | Reached skill level 4 in Axes
   850 | D:2      | Reached XP level 4. HP: 13/42 MP: 3/5
  1157 | D:3      | Noticed tollymain's ghost (amateur OpWz)
  1183 | D:3      | HP: 2/43 [white imp/puff of frost[tollymain's ghost] (9)]
  1184 | D:3      | Killed from afar by a white imp

Skill      XL: |  1  2  3  4 |
---------------+-------------+-----
Evocations     | 1 |  1.3
Fighting       | 3 |  3.6
Axes           | 4 |  4.1
Dodging        | 3 |  3.1
Armour         | |  2.8

Action                   |  1- 3 |  4- 6 || total
-------------------------+-------+-------++-------
Melee: Hand axe          |   102 |    69 ||   171
Invok: Berserk           |       |     1 ||     1
       Trog's Hand       |       |     1 ||     1
Evoke: Wand              |     1 |     1 ||     2
  Eat: Chunk             |       |     1 ||     1
Armor: Animal skin       |    25 |       ||    25
       Chain mail        |     4 |    38 ||    42
Dodge: Dodged            |    98 |    40 ||   138
